 Dungeon Crawl Stone Soup version 0.30-a0-534-gdc55766716 (webtiles) character file.

Game seed: 11453462262090008697

990 Newt the Skirmisher (level 8, -1/48 HPs)
             Began as a Kobold Hunter on Dec 25, 2022.
             Was an Initiate of Hepliaklqana.
             Engulfed by a steam dragon's steam (11 damage)
             ... on level 5 of the Dungeon.
             The game lasted 00:08:33 (5602 turns).

Newt the Skirmisher (Kobold Hunter)                 Turns: 5602, Time: 00:08:33

Health: -1/48      AC:  3    Str:  9    XL:     8   Next: 41%
Magic:  11/11      EV: 17    Int: 10    God:    Hepliaklqana [......]
Gold:   379        SH:  0    Dex: 20    Spells: 7/7 levels left

rFire   . . .      SeeInvis .    a - +0 shortbow
rCold   . . .      Faith    .    (shield currently unavailable)
rNeg    . . .      Spirit   .    c - +0 leather armour
rPois   .          Reflect  .    (no helmet)
rElec   .          Harm     .    (no cloak)
rCorr   .          Rampage  .    (no gloves)
Will    .....                    (no boots)
Stlth   +++                      k - amulet of regeneration
HPRegen 1.08/turn                (no ring)
MPRegen 0.12/turn                (no ring)

@: no status effects
A: small, no large weapons, nightstalker 3
a: Renounce Religion


You were on level 5 of the Dungeon.
You worshipped Hepliaklqana.
Hepliaklqana was noncommittal.
You visited 2 branches of the dungeon, and saw 8 of its levels.

You collected 379 gold pieces.

Inventory:

Hand Weapons
 a - a +0 shortbow (weapon)
Missiles
 j - a throwing net
Armour
 c - a +0 leather armour (worn)
Jewellery
 h - an amulet of reflection
 k - an amulet of regeneration (around neck)
Wands
 l - a wand of mindburst (27)
Scrolls
 b - 4 scrolls of immolation
 d - a scroll of fear
 e - 5 scrolls of amnesia
 f - 3 scrolls of vulnerability
 m - a scroll of teleportation
 w - a scroll of enchant weapon {unknown}
 x - a scroll of fog {unknown}
Potions
 g - 2 potions of curing
 i - 2 potions of magic
 o - a potion of attraction
 p - a potion of resistance
 q - a potion of berserk rage
 r - 2 potions of ambrosia
 s - a potion of mutation {unknown}
 t - 3 potions of heal wounds {unknown}
 v - a potion of cancellation {unknown}


   Skills:
 + Level 4.7 Fighting
 - Level 8.0 Ranged Weapons
 - Level 6.0 Dodging
 - Level 1.3 Stealth
 - Level 4.0 Invocations
 - Level 4.0 Evocations


You had 7 spell levels left.
You didn't know any spells.
Your spell library contained the following spells:

 Spells                   Type           Power      Damage    Failure   Level
 Ozocubu's Armour         Ice            0%         N/A       85%         3
 Freezing Cloud           Conj/Ice/Air   0%         6-21      100%        5
 Summon Forest            Summ/Tloc      0%         N/A       100%        5
 Eringya's Noxious Bog    Tmut/Pois      0%         N/A       100%        6
 Simulacrum               Ice/Necr       0%         N/A       100%        6
 Ozocubu's Refrigeration  Ice            0%         4d7       100%        7
 Summon Hydra             Summ           0%         N/A       100%        7
 Polar Vortex             Ice            0%         N/A       100%        9


Dungeon Overview and Level Annotations

Branches:
Dungeon (7/15)             Temple (1/1) D:5

Altars:
Ashenzari
Elyvilon
Fedhas
Gozag
Hepliaklqana
Kikubaaqudgha
Makhleb
Nemelex Xobeh
Qazlal
Ru
Sif Muna
Trog
Vehumet
Wu Jian
Xom
Yredelemnul
Zin
The Shining One

Shops:
D:2 (

Annotations:
D:1 1 transporter
D:2 1 runed translucent door, Crazy Yiuf
D:5 2 transporters, drugrobin's ghost, weakling DgDe
D:7 Maggie


Innate Abilities, Weirdness & Mutations

You are small and have problems with some larger weapons.
You are completely attuned to the shadows.


Message History

The steam dragon is moderately wounded.
You shoot an arrow. The arrow hits the steam dragon!
The steam dragon is heavily wounded.
The steam dragon misses you. The steam dragon barely misses you.
You shoot an arrow. The arrow hits the steam dragon!
The steam dragon is severely wounded.
The steam dragon breathes steam at you. The ball of steam hits you!
You are too injured to fight recklessly!
You are too injured to fight recklessly!
You are too injured to fight recklessly!
You are too injured to fight recklessly!
Fire: a) +0 shortbow
Press: ? - help, Shift-Dir - straight line, f/p - steam dragon
Aim: a steam dragon (severely wounded, catching its breath, 68% to hit)
You shoot an arrow. The arrow hits the steam dragon!
The steam dragon is almost dead.
You are engulfed in a cloud of scalding steam.
The steam dragon closely misses you. The steam dragon claws you.
* * * LOW HITPOINT WARNING * * *
The steam dragon bites you.
* * * LOW HITPOINT WARNING * * *
The steam dragon closely misses you.
Fire: a) +0 shortbow
Press: ? - help, Shift-Dir - straight line, f/p - steam dragon
Aim: a steam dragon (almost dead, 68% to hit)
You shoot an arrow.
The arrow hits the steam dragon but does no damage.
The steam dragon is almost dead.
The steam dragon breathes steam at you. The ball of steam hits you.
* * * LOW HITPOINT WARNING * * *
Fire: a) +0 shortbow
Press: ? - help, Shift-Dir - straight line, f/p - steam dragon
Aim: a steam dragon (almost dead, catching its breath, 68% to hit)
You shoot an arrow.
The arrow hits the steam dragon but does no damage.
The steam dragon is almost dead.
You are engulfed in a cloud of scalding steam.
You die...

#.######.#####.#...## #.# #.#
#.# #.##.########.# #.######.#
#.............# #........#
####.########## ########## #.#
#.### #...# #####D#.######
######### #...@........#
........#####.#######.##.#######
.###..†....##.#.....#..........#
.###.##.##.##.#.....#.##.#####.#
........##....#.._..#.##.# #.#
####'#####.##.#.....#....#####.#
'.......'..##.#.....#.##....##.#
#.#...#.##....###'###.##.....#.#
#.#._.#.#####.............†....#


You could see a steam dragon (catching breath).

Vanquished Creatures
  An ice beast (D:5)
  2 ogres
  A phantom (D:4)
  A scorpion (D:3)
  A wight (D:6)
  A howler monkey (D:5)
  6 hounds
  3 iguanas
  2 orc wizards
  7 adders
  3 gnolls (D:3)
  2 ufetubi
  2 dart slugs
  2 worms
  7 orcs
  7 ball pythons
  6 bats
  6 endoplasms
  4 giant cockroaches
  8 goblins
  10 hobgoblins
  5 jackals
  4 quokkas
  9 kobolds
  4 rats
104 creatures vanquished.

Notes
Turn   | Place    | Note
-------+----------+-------------------------------------------
     0 | D:1      | Newt the Kobold Hunter began the quest for the Orb.
     0 | D:1      | Reached XP level 1. HP: 12/12 MP: 1/1
   129 | D:1      | Reached XP level 2. HP: 14/17 MP: 2/2
   142 | D:1      | Reached skill level 6 in Ranged Weapons
   374 | D:1      | Reached XP level 3. HP: 20/21 MP: 3/3
  1153 | D:2      | Found a faded altar of an unknown god.
  1271 | D:2      | Reached skill level 7 in Ranged Weapons
  1347 | D:2      | Reached XP level 4. HP: 26/26 MP: 4/4
  1587 | D:2      | Found Fuwor's Antique Weapon Shop.
  1674 | D:2      | Found a runed translucent door.
  1677 | D:2      | Noticed Crazy Yiuf
  2077 | D:3      | Found a blossoming altar of Fedhas.
  2151 | D:3      | Noticed a scorpion
  2177 | D:3      | Killed a scorpion
  2178 | D:3      | Reached skill level 8 in Ranged Weapons
  2178 | D:3      | Reached XP level 5. HP: 12/30 MP: 5/5
  2365 | D:3      | Found a broken altar of Ashenzari.
  2365 | D:3      | Found an ancient bone altar of Kikubaaqudgha.
  2401 | D:3      | Reached XP level 6. HP: 30/35 MP: 6/6
  2654 | D:3      | Found a white marble altar of Elyvilon.
  2787 | D:3      | Found a shimmering altar of Xom.
  2933 | D:4      | Reached skill level 5 in Dodging
  3430 | D:4      | Reached XP level 7. HP: 38/40 MP: 7/7
  3778 | D:5      | Entered Level 5 of the Dungeon
  4055 | D:5      | Reached skill level 1 in Evocations
  4079 | D:5      | Found a staircase to the Ecumenical Temple.
  4170 | Temple   | Entered the Ecumenical Temple
  4240 | Temple   | Became a worshipper of Hepliaklqana the Forgotten
  4571 | D:5      | Found a transporter.
  4572 | D:5      | Found a transporter.
  4675 | D:5      | Noticed drugrobin's ghost (weakling DgDe)
  4779 | D:5      | Reached skill level 1 in Invocations
  4794 | D:5      | Noticed a steam dragon
  4862 | D:6      | Reached XP level 8. HP: 31/48 MP: 7/10
  4941 | D:7      | Noticed a two-headed ogre
  4942 | D:7      | Noticed Maggie
  4943 | D:7      | HP: 2/48 [Maggie/bolt of fire (15)]
  5366 | D:5      | Found a burning altar of Makhleb.
  5461 | D:5      | Found a sacrificial altar of Ru.
  5602 | D:5      | Engulfed by a steam dragon's steam

Illustrated notes

Levels and vault maps discovered:
D:1:      spicycebolla_arrival_risky_transporter, layout_basic, serial_bayou,
          serial_bayou_lagoon_a, serial_bayou_shore_b, serial_bayou_pond_e,
          serial_bayou_pond_e, serial_bayou_crossing
D:2:      layout_loops_cross, serial_glass, glass_columns_a, glass_columns_a,
          glass_columns_b, glass_columns_b, serial_shops, shop_fountains,
          hellmonk_ecumenical_altar_lost_god, uniq_crazy_yiuf_cottage
D:3:      layout_loops_ring, fedhas_altar_4, lemuel_doored_altar,
          chequers_temple_overflow_statue_of_worship,
          mainiacjoe_overflow_alcove_4, minmay_crystal_room, grunt_decor_cap
D:4:      kennysheep_big_flooded_room, layout_basic, minmay_three_crescents
D:5:      layout_loops_corners, mainiacjoe_overflow_six_doors_small,
          amcnicky_altar_gilded, minmay_temple_entry_butterflies,
          gammafunk_ghost_hive
D:6:      layout_loops_ring, kennysheep_okawaru_gauntlet
D:7:      kb_forest_paths, layout_rooms, cheibriados_altar_1, uniq_maggie,
          uniq_pikel
Temple:   nicolae_temple_ecumenical_triangle

Skill      XL: |  1  2  3  4  5  6  7  8 |
---------------+-------------------------+-----
Ranged Weapons | 6 7 8 |  8.0
Dodging        | 3 4 6 |  6.0
Fighting       | 4 |  4.7
Evocations     | 4 |  4.0
Invocations    | 2 4 |  4.0
Stealth        | |  1.3

Action                   |  1- 3 |  4- 6 |  7- 9 || total
-------------------------+-------+-------+-------++-------
 Fire: Shortbow          |    86 |   137 |   136 ||   359
  Use: Scroll            |     4 |     4 |     6 ||    14
       Potion            |       |     2 |     3 ||     5
Armor: Leather armour    |    12 |     6 |     8 ||    26
Dodge: Dodged            |    26 |    47 |    98 ||   171

Table legend: (Time is in decaauts)
 A = Elapsed time spent in this place.
 B = Non-inter-level travel time spent in this place.
 C = Inter-level travel time spent in this place.
 D = Time resting spent in this place.
 E = Time spent auto-exploring this place.
 F = Levels seen in this place.
 G = Mean time per level.
                   A        B        C        D        E       F      G
               +--------+--------+--------+--------+--------+-----+--------+
         Total |   5701 |   5529 |    172 |    787 |   4018 |   8 |  712.6 |
       Dungeon |   5626 |   5471 |    155 |    787 |   3969 |   7 |  803.7 |
        Temple |     75 |     58 |     17 |      0 |     49 |   1 |   75.0 |
               +--------+--------+--------+--------+--------+-----+--------+

Top non-repeatable levels by time:
     D:5: 1666 daAuts
     D:1: 1141 daAuts
     D:3: 937 daAuts
     D:4: 896 daAuts
     D:2: 886 daAuts
     D:6: 92 daAuts
  Temple: 75 daAuts
     D:7: 5 daAuts
